 Dungeon Crawl Stone Soup version bcrawl-1.19.1 (webtiles) character file.

Game seed: 13239600005315668955

38866 Morbidden the Fighter (level 14, -2/127 HPs)
             Began as a Hill Orc Archaeologist on Nov 22, 2019.
             Was a High Priest of Okawaru.
             Slain by a polar bear (26 damage)
             ... on level 4 of the Lair of Beasts.
             The game lasted 00:32:37 (17839 turns).

Morbidden the Fighter (Hill Orc Archaeologist)     Turns: 17839, Time: 00:32:38

Health: -2/127     AC: 12    Str: 17    XL:     14   Next: 4%
Magic:  24/24      EV: 19    Int: 20    God:    Okawaru [*****.]
Gold:   778        SH:  1    Dex:  4    Spells: 26/26 levels left

rFire    . . .     SeeInvis .   L - +6 great sword (freeze) (curse)
rCold    . . .     Gourm    .   (shield currently unavailable)
rNeg     . . .     Faith    .   f - +5 robe of Misfortune {Harm *Corrode *Slow EV+5}
rPois    .         Spirit   .   x - +2 hat
rElec    .         Reflect  .   P - scarf {repulsion}
rCorr    .         Harm     +   M - +0 pair of gloves "Yrghif" {Int+4 Dex-5 Slay+4}
MR       +....                  d - +1 pair of boots
Stlth    +++++.....             F - amulet of magic regeneration
HPRegen  0.31/turn              B - ring of stealth
MPRegen  0.44/turn              (no ring)

@: repel missiles
A: no striking features
a: Heroism, Finesse, Renounce Religion


You were on level 4 of the Lair of Beasts.
You worshipped Okawaru.
Okawaru was extremely pleased with you.
You were hungry.

You visited 2 branches of the dungeon, and saw 13 of its levels.

You collected 1122 gold pieces.
You spent 344 gold pieces at shops.

Inventory:

Hand Weapons
 e - a +2 dagger of venom
 j - a +2 mace of draining
 t - a +4 long sword
 L - a cursed +6 great sword of freezing (weapon)
Missiles
 O - 2 throwing nets {!f}
 Q - 49 javelins (quivered)
Armour
 d - a +1 pair of boots (worn)
 f - the +5 robe of Misfortune (worn) {Harm *Corrode *Slow EV+5}

   It affects your evasion (+5).
   It may corrode you when you take damage.
   It may slow you when you take damage.
   It increases damage dealt and taken.
 i - a +2 pair of gloves of dexterity
 x - a +2 hat (worn)
 J - a +2 buckler of cold resistance
 M - the +0 pair of gloves "Yrghif" (worn) {Int+4 Dex-5 Slay+4}
   (Okawaru gifted it to you on level 2 of the Lair of Beasts)

   It affects your intelligence (+4).
   It affects your dexterity (-5).
   It affects your accuracy and damage with ranged weapons and melee attacks
   (+4).
 P - a scarf of repulsion (worn)
 X - a +2 shield
Jewellery
 b - an uncursed ring of ice
 B - a ring of stealth (left hand)
 F - an amulet of magic regeneration (around neck)
Wands
 w - a wand of polymorph (23)
 z - a wand of digging (26)
 A - a wand of iceblast (14)
 R - a wand of flame (14)
 S - a wand of paralysis (13)
 V - a wand of enslavement (9)
Scrolls
 a - 2 scrolls of amnesia
 k - 9 scrolls of identify
 l - 4 scrolls of enchant weapon
 m - a scroll of noise {unknown}
 o - 4 scrolls of enchant armour
 q - a scroll of fear {unknown}
 v - 2 scrolls of magic mapping
 y - 7 scrolls of teleportation
 C - 2 scrolls of immolation
 D - 2 scrolls of fog
 E - 4 scrolls of vulnerability {unknown}
 G - 7 scrolls of remove curse
 T - a scroll of blinking {unknown}
Potions
 c - 2 potions of mutation
 n - 2 potions of cancellation {unknown}
 p - 4 potions of flight
 s - 4 potions of curing
 u - 2 potions of lignification {unknown}
 H - 3 potions of brilliance
 I - a potion of magic
 K - a potion of might {unknown}
 N - a potion of degeneration {unknown}
 W - a potion of invisibility
Comestibles
 g - 26 rations {!d}


   Skills:
 * Level 12.8 Fighting
   Level 12.8 Short Blades
   Level 12.8 Long Blades
   Level 12.8 Axes
   Level 12.8 Maces & Flails
   Level 12.8 Polearms
   Level 12.8 Staves
 + Level 2.0 Throwing
 * Level 12.5 Dodging
 + Level 7.2 Stealth
 + Level 3.5 Shields
   Level 12.8 Unarmed Combat
 * Level 6.8 Spellcasting
 - Level 6.0 Invocations
 + Level 0.5 Evocations


You had 26 spell levels left.
You didn't know any spells.
Your spell library contained the following spells:

 Spells                   Type           Power        Failure   Level  Hunger
 Magic Dart               Conj           #...         10%         1    None
 Sandblast                Erth           #.....       10%         1    None
 Shock                    Conj/Air       #....        10%         1    None
 Passwall                 Tmut/Erth      #.......     14%         2    None
 Searing Ray              Conj           #.....       14%         2    None
 Swiftness                Chrm/Air       #.......     14%         2    None
 Confuse                  Hex            #.......     28%         3    #......
 Dazzling Spray           Conj/Hex       #.....       28%         3    #......
 Iskenderun's Mystic Bla  Conj           #.......     28%         3    #......
 Static Discharge         Air            #.......     28%         3    #......
 Stone Arrow              Conj/Erth      #.....       28%         3    #......
 Airstrike                Air            #.........   67%         4    ###....
 Fulminant Prism          Conj/Hex       #.........   67%         4    ###....
 Petrify                  Tmut/Erth      #.......     67%         4    ###....
 Yara's Violent Unravell  Hex/Tmut       #.........   67%         4    ###....
 Bolt of Magma            Conj/Fire/Erth #.........   95%         5    #####..
 Fireball                 Conj/Fire      #.........   95%         5    #####..
 Irradiate                Conj/Tmut      #.........   95%         5    #####..
 Lee's Rapid Deconstruct  Erth           #.........   95%         5    #####..
 Lightning Bolt           Conj/Air       #.........   95%         5    #####..
 Metabolic Englaciation   Hex/Ice        #.........   95%         5    #####..
 Bolt of Fire             Conj/Fire      #.........   100%        6    ######.
 Steam Barrier            Chrm/Fire      #.........   100%        6    ######.
 Mana Rupture             Conj/Hex       #.........   100%        7    #######
 Ignition                 Fire           #.........   100%        8    #######


Dungeon Overview and Level Annotations

Branches:
Dungeon (9/12)             Temple (0/1) D:5            Lair (4/6) D:7
  Swamp (0/3) Lair:2       Spider (0/3) Lair:3          Orc (0/1) D:9

Altars:
Dithmenos
Elyvilon
Fedhas
Hepliaklqana
Lugonu
Makhleb
Nemelex Xobeh
Okawaru
Qazlal
Sif Muna
Uskayaw
Wu Jian

Shops:
D:4 %   D:7 [   D:9 ??

Annotations:
D:4 exclusion: two-headed ogre
D:8 exclusion: hydra
Lair:1 exclusion: 2 oklob plants


Message History

The polar bear misses you. x2; The polar bear closely misses you.
The komodo dragon bites you!
* * * LOW HITPOINT WARNING * * *
Unknown command.
Unknown command.
Okay, then.
You feel much better.
The polar bear bites you but does no damage.
The polar bear claws you but does no damage.
The polar bear closely misses you. The komodo dragon bites you.
* * * LOW HITPOINT WARNING * * *
The polar bear bites you but does no damage.
The polar bear completely misses you.
The polar bear claws you but does no damage.
Unknown command.
Unknown command.
As you read the scroll labeled HAMUASTRUUL, it crumbles to dust.
The scroll dissolves into smoke.
It was a scroll of fog.
The polar bear bites you!!
You die...

.....P# ####.....## ...
.....## #....P## .....#
#.....# .....# ####....##
.....# ######.#.#....#
.....# #.............#..
.....# #...§§h.§........
.....#.#.##....hlh..........
..............##@§§.........
.......####§......#..#
..%...# #.....###### ......
#...P#.# ....# ######.# ...#
# ###


You could see 3 polar bears and a komodo dragon.

Vanquished Creatures
  Gastronok (Lair:2)
  A dire elephant (Lair:3)
  A catoblepas (Lair:4)
  Pikel (D:5)
  5 black mambas
  24 elephants
  4 cane toads
  A rime drake (Lair:4)
  2 komodo dragons
  3 trolls
  3 jumping spiders (Lair:3)
  5 blink frogs
  2 bog bodies (Lair:2)
  5 hippogriffs
  5 dream sheep (Lair:4)
  4 redbacks (Lair:3)
  Sigmund (D:2)
  9 spriggans
  14 yaks
  A wyvern (Lair:2)
  Grum (D:9)
  Menkaure (D:4)
  4 wargs
  9 crocodiles
  Edmund (D:4)
  Duvessa (D:4)
  10 porcupines
  5 water moccasins
  4 orc warriors
  A slave (D:5)
  An eye of draining (D:8)
  3 sky beasts
  2 phantoms
  An ogre (D:7)
  5 centaurs
  13 wolves
  14 bullfrogs
  Blork the orc (D:6)
  A gnoll sergeant (D:9)
  Dowan (D:4)
  A wyvern skeleton (D:4)
  A scorpion (D:5)
  5 killer bees (D:7)
  9 wights
  A howler monkey (D:5)
  2 electric eels (Lair:1)
  3 crimson imps
  2 centaur zombies
  A quasit (D:6)
  14 hounds
  Crazy Yiuf (D:4)
  2 centaur skeletons
  2 gnoll shamans (D:9)
  4 orc priests
  3 bullfrog skeletons
  3 iguanas
  Jessica (D:9)
  10 orc wizards
  Ijyb (D:5)
  9 worker ants
  A hound zombie (D:7)
  A hound skeleton (D:4)
  A worker ant zombie (D:9)
  21 gnolls
  9 adders
  2 shadow imps (D:5)
  An ooze (D:7)
  2 adder skeletons
  8 worms
  2 dart slugs
  3 leopard geckos
  30 orcs
  A giant cockroach (D:1)
  10 goblins
  13 hobgoblins
  19 jackals
  5 quokkas
  A ball python (D:1)
  5 bats
  5 frilled lizards
  14 kobolds
  2 rats (D:2)
  A plant (Lair:1)
403 creatures vanquished.

Vanquished Creatures (others)
  An orc wizard (D:9)
  An orc (D:5)
  83 fungi
  26 plants
111 creatures vanquished.

Grand Total: 514 creatures vanquished

Notes
Turn   | Place    | Note
-------+----------+-------------------------------------------
     0 | D:1      | Morbidden the Hill Orc Archaeologist began the quest for
                  | the Orb.
     0 | D:1      | Reached XP level 1. HP: 15/15 MP: 1/1
   107 | D:1      | Found an iron altar of Okawaru.
   145 | D:1      | Reached skill level 1 in Fighting
   148 | D:1      | Became a worshipper of Warmaster Okawaru
   463 | D:1      | Reached XP level 2. HP: 16/23 MP: 2/2
   653 | D:1      | Reached skill level 1 in Invocations
   847 | D:1      | Reached XP level 3. HP: 28/28 MP: 3/3
  1372 | D:2      | Found an iron altar of Okawaru.
  1560 | D:2      | Reached XP level 4. HP: 19/35 MP: 3/5
  1805 | D:2      | Noticed Sigmund
  1808 | D:2      | Killed Sigmund
  1808 | D:2      | Reached skill level 5 in Dodging
  1808 | D:2      | Reached XP level 5. HP: 41/41 MP: 6/6
  2112 | D:2      | Reached XP level 6. HP: 48/48 MP: 7/7
  2659 | D:2      | Found a burning altar of Makhleb.
  2659 | D:2      | Found a shadowy altar of Dithmenos.
  2665 | D:2      | Found an ornate altar of the Wu Jian Council.
  2672 | D:2      | Found a white marble altar of Elyvilon.
  2674 | D:2      | Found a stormy altar of Qazlal.
  3529 | D:4      | Noticed a two-headed ogre
  3605 | D:4      | Reached * piety under Okawaru
  3622 | D:4      | Found a blossoming altar of Fedhas.
  3785 | D:4      | Noticed Menkaure
  3789 | D:4      | Found Qowob's Food Emporium.
  3794 | D:4      | Killed Menkaure
  3794 | D:4      | Reached XP level 7. HP: 50/56 MP: 9/9
  3842 | D:4      | Noticed Dowan
  3844 | D:4      | Noticed Duvessa
  3863 | D:4      | Killed Duvessa
  3891 | D:4      | Killed Dowan
  4152 | D:4      | Noticed Edmund
  4172 | D:4      | Killed Edmund
  4172 | D:4      | Reached skill level 1 in Spellcasting
  4204 | D:4      | Found a runed door.
  4279 | D:4      | Reached XP level 8. HP: 30/63 MP: 10/10
  4424 | D:4      | Noticed Crazy Yiuf
  4432 | D:4      | Killed Crazy Yiuf
  5046 | D:5      | Entered Level 5 of the Dungeon
  5084 | D:5      | Noticed Pikel
  5135 | D:5      | Killed Pikel
  5135 | D:5      | Reached ** piety under Okawaru
  5335 | D:5      | Found a hide-covered altar of Uskayaw.
  5362 | D:5      | Noticed Ijyb
  5370 | D:5      | Killed Ijyb
  5371 | D:5      | Found a staircase to the Ecumenical Temple.
  5383 | D:5      | Reached XP level 9. HP: 71/71 MP: 12/12
  5430 | D:5      | Reached *** piety under Okawaru
  6094 | D:6      | Found a hazy altar of Hepliaklqana.
  6130 | D:6      | Noticed Blork the orc
  6138 | D:6      | Killed Blork the orc
  6396 | D:6      | Reached skill level 5 in Invocations
  7266 | D:7      | Found Neghekho's Armour Emporium.
  7275 | D:7      | Bought a +2 buckler of cold resistance for 344 gold pieces
  7302 | D:7      | Reached skill level 5 in Fighting
  7307 | D:7      | Reached **** piety under Okawaru
  7337 | D:7      | Noticed a +0 dagger
  7338 | D:7      | Found a hide-covered altar of Uskayaw.
  7340 | D:7      | Noticed a +0 hand axe
  7844 | D:7      | Reached XP level 10. HP: 81/81 MP: 14/14
  7992 | D:7      | Reached skill level 10 in Fighting
  7992 | D:7      | Reached XP level 11. HP: 86/100 MP: 16/16
  8215 | D:7      | Found a staircase to the Lair.
  8360 | D:7      | Reached skill level 5 in Stealth
  8622 | D:8      | Reached skill level 1 in Shields
  8995 | D:8      | Reached skill level 10 in Dodging
  9014 | D:8      | Reached ***** piety under Okawaru
  9291 | D:8      | Noticed a seven-headed hydra
  9586 | D:9      | Found a shimmering blue altar of Sif Muna.
  9881 | D:9      | Found Vihi Hoo's Magic Scroll Shop.
 10032 | D:9      | Found a corrupted altar of Lugonu.
 10261 | D:9      | Found a staircase to the Orcish Mines.
 10631 | D:9      | Noticed Jessica
 10639 | D:9      | Found a shimmering blue altar of Sif Muna.
 10747 | D:9      | Killed Jessica
 11249 | D:9      | Found a sparkling altar of Nemelex Xobeh.
 11385 | D:9      | Found Aweebounn's Magic Scroll Shoppe.
 11433 | D:9      | Noticed Grum
 11439 | D:9      | Killed Grum
 11556 | Lair:1   | Entered Level 1 of the Lair of Beasts
 11682 | Lair:1   | Reached XP level 12. HP: 30/108 MP: 18/18
 12271 | Lair:1   | Noticed an eight-headed hydra
 12855 | Lair:2   | Noticed Gastronok
 12867 | Lair:2   | Killed Gastronok
 12867 | Lair:2   | Received a gift from Okawaru
 12867 | Lair:2   | Reached skill level 5 in Spellcasting
 12873 | Lair:2   | Got a pair of encrusted gloves {god gift}
 12881 | Lair:2   | Identified the +0 pair of gloves "Yrghif" {Int+4 Dex-5
                  | Slay+4} (Okawaru gifted it to you on level 2 of the Lair of
                  | Beasts)
 12887 | Lair:2   | Found a staircase to the Swamp.
 13720 | Lair:2   | Received a gift from Okawaru
 13840 | Lair:2   | Reached XP level 13. HP: 117/117 MP: 21/21
 15281 | Lair:3   | Received a gift from Okawaru
 15383 | Lair:3   | Found a hole to the Spider Nest.
 15460 | Lair:3   | Reached ****** piety under Okawaru
 15547 | Lair:3   | Noticed a dire elephant
 15556 | Lair:3   | Killed a dire elephant
 16061 | Lair:3   | Reached skill level 1 in Throwing
 16447 | Lair:4   | Received a gift from Okawaru
 17355 | Lair:4   | Reached XP level 14. HP: 62/127 MP: 24/24
 17839 | Lair:4   | Slain by a polar bear

Skill      XL: |  1  2  3  4  5  6  7  8  9 10 11 12 13 14 |
---------------+-------------------------------------------+-----
Fighting       | 1 2 3 4 5 10 11 12 | 12.8
Invocations    | 1 2 3 4 5 6 |  6.0
Dodging        | 3 5 6 7 8 9 10 11 12 | 12.5
Spellcasting   | 1 2 3 4 5 6 |  6.8
Stealth        | 4 5 6 7 |  7.2
Shields        | 2 3 |  3.5
Throwing       | 1 2 |  2.0
Short Blades   | | 12.8
Long Blades    | | 12.8
Axes           | | 12.8
Maces & Flails | | 12.8
Polearms       | | 12.8
Staves         | | 12.8
Unarmed Combat | | 12.8
Evocations     | |  0.5

Action                   |  1- 3 |  4- 6 |  7- 9 | 10-12 | 13-15 || total
-------------------------+-------+-------+-------+-------+-------++-------
Melee: Whip              |    33 |       |       |       |       ||    33
       Mace              |    76 |   150 |    32 |       |       ||   258
       Punch             |     1 |     4 |     3 |       |       ||     8
       Scythe            |       |     9 |       |       |       ||     9
       Dagger            |       |       |   175 |    17 |       ||   192
       Long sword        |       |       |   213 |    43 |       ||   256
       Great sword       |       |       |       |   397 |   206 ||   603
Throw: Throwing net      |       |       |     1 |       |       ||     1
       Javelin           |       |       |       |     3 |    22 ||    25
Invok: Heroism           |       |       |     5 |     7 |     4 ||    16
       Finesse           |       |       |       |     1 |     1 ||     2
Evoke: Wand              |       |     3 |     1 |     1 |       ||     5
  Use: Scroll            |       |     2 |     6 |     5 |     6 ||    19
       Potion            |       |       |     4 |     2 |     4 ||    10
 Stab: Sleeping          |     9 |     9 |    21 |    19 |     8 ||    66
       Held in net/web   |       |       |     1 |       |       ||     1
       Distracted        |       |       |       |       |     1 ||     1
  Eat: Chunk             |     2 |     7 |    14 |    19 |     9 ||    51
       Ration            |       |       |       |       |     1 ||     1
Armor: Robe              |    32 |    42 |    72 |   129 |    86 ||   361
Dodge: Dodged            |    74 |   115 |   401 |   659 |   258 ||  1507
       Deflected         |       |       |       |     2 |     1 ||     3
Block: Buckler           |       |       |    11 |    18 |       ||    29
       Other             |       |       |     6 |    35 |     5 ||    46
